 Dungeon Crawl Stone Soup version 0.26.1-11-gd32895ea62 (webtiles) character file.

Game seed: 3347262940230179257

72 DearestLeader the Conjurer (level 4, 0/33 HPs)
             Began as a Draconian Conjurer on Apr 14, 2021.
             Succumbed to an adder's poison
             ... on level 3 of the Dungeon.
             The game lasted 00:04:10 (2588 turns).

DearestLeader the Conjurer (Draconian Conjurer)     Turns: 2588, Time: 00:04:11

Health: 0/33       AC:  6    Str:  9    XL:     4   Next: 7%
Magic:  0/7        EV: 12    Int: 19    God:
Gold:   147        SH:  0    Dex: 10    Spells: 4/7 levels left

rFire    . . .     SeeInvis .   c - -1 mace
rCold    . . .     Faith    .   (no shield)
rNeg     . . .     Spirit   .   (armour unavailable)
rPois    .         Reflect  .   (helmet restricted)
rElec    .         Harm     .   (no cloak)
rCorr    .         Rampage  .   h - +0 pair of gloves
Will     .....                  (no boots)
Stlth    ++........             (no amulet)
HPRegen  0.11/turn              (no ring)
MPRegen  0.10/turn              (no ring)

@: lethally poisoned (0 -> -5)
A: unfitting armour, cold-blooded, AC +5
a: no special abilities


You were on level 3 of the Dungeon.
You visited 1 branch of the dungeon, and saw 3 of its levels.

You collected 147 gold pieces.

Inventory:

Hand Weapons
 c - a -1 mace (weapon)
 g - a +0 dagger
Missiles
 b - 18 sling bullets
Armour
 h - a +0 pair of gloves (worn)
Wands
 j - a wand of flame (18)
Scrolls
 a - a scroll of immolation {unknown}
 d - a scroll of remove curse
 e - a scroll of blinking {unknown}
 f - 2 scrolls of identify {unknown}
 l - a scroll of teleportation {unknown}


   Skills:
 - Level 1.7 Dodging
 - Level 1.7 Stealth
 - Level 2.0 Spellcasting
 * Level 5.6 Conjurations


You had 4 spell levels left.
You knew the following spells:

 Your Spells              Type           Power        Failure   Level
a - Magic Dart            Conj           92%          1%          1
b - Searing Ray           Conj           46%          2%          2

Your spell library contained the following spells:

 Spells                   Type           Power        Failure   Level
 Dazzling Flash           Conj/Hex       24%          16%         3
 Fulminant Prism          Conj/Hex       6%           45%         4
 Iskenderun's Mystic Bla  Conj/Tloc      12%          45%         4


Dungeon Overview and Level Annotations

Branches:
Dungeon (3/15)

Altars:
Cheibriados


Innate Abilities, Weirdness & Mutations

Your plain brown scales are hard. (AC +5)
You cannot fit into any form of body armour.
You are cold-blooded and may be slowed by cold attacks.


Message History

The adder is almost dead.
The adder closely misses you. x2
You miss the adder.
The adder is almost dead.
The adder bites you.
* * * LOW HITPOINT WARNING * * *
The adder misses you.
You open the door. The adder bites you but does no damage.
You barely miss the adder.
The adder is almost dead.
The adder closely misses you. The adder barely misses you.
You miss the adder.
The adder is almost dead.
The adder bites you.
* * * LOW HITPOINT WARNING * * *
You are lethally poisoned!
The adder poisons you! The adder closely misses you.
You miss the adder.
The adder is almost dead.
You die...

#+# #.. #.# #..
#.# #.# +.+ #.#
#.# #.# #.# #.#
###+###.###+###.##
+.@S.......†..'..#
###'###.###'###..#
.# #.# #.# #..# .#
#.# #.# #.)## ..
+.+ ..# #.... ##
#.# ### #.### #.#
#.... #+# #.###
..#


You could see an adder.

Vanquished Creatures
  An adder (D:2)
  An ooze (D:1)
  A worm (D:2)
  3 dart slugs (D:2)
  2 leopard geckos
  An orc (D:3)
  3 giant cockroaches (D:2)
  4 goblins
  5 hobgoblins
  6 jackals
  5 bats
  3 frilled lizards
  4 kobolds
  7 rats
46 creatures vanquished.

Notes
Turn   | Place    | Note
-------+----------+-------------------------------------------
     0 | D:1      | DearestLeader the Draconian Conjurer began the quest for
                  | the Orb.
     0 | D:1      | Reached XP level 1. HP: 14/14 MP: 3/3
   367 | D:1      | Reached XP level 2. HP: 20/20 MP: 1/5
   508 | D:1      | Learned a level 2 spell: Searing Ray
  1432 | D:2      | Reached skill level 5 in Conjurations
  1432 | D:2      | Reached XP level 3. HP: 10/26 MP: 1/6
  2029 | D:2      | Found a snail-covered altar of Cheibriados.
  2488 | D:3      | Reached XP level 4. HP: 33/33 MP: 3/7
  2587 | D:3      | HP: 1/33 [adder (2)]
  2588 | D:3      | Succumbed to an adder's poison

Illustrated notes

Levels and vault maps discovered:
D:1:      nzn_arrival_settlement, layout_loops_ring, minmay_pentomino_r2
D:2:      layout_loops_ring, kennysheep_slug_shrine
D:3:      layout_basic, minmay_misc_feat_encased, minmay_door_square,
          uniq_crazy_yiuf_cottage, uniq_robin, uniq_grinder, uniq_terence

Skill      XL: |  1  2 |
---------------+-------+-----
Conjurations   | 5 |  5.6
Dodging        | |  1.7
Stealth        | |  1.7
Spellcasting   | |  2.0

Action                   |  1- 3 |  4- 6 || total
-------------------------+-------+-------++-------
Melee: Mace              |    80 |    20 ||   100
       Tailslap          |     2 |     1 ||     3
 Cast: Magic Dart        |    41 |     3 ||    44
       Searing Ray       |     5 |     2 ||     7
  Use: Potion            |       |     2 ||     2
       Scroll            |       |     1 ||     1
 Stab: Sleeping          |     2 |       ||     2
Armor: Skin              |    37 |    12 ||    49
Dodge: Dodged            |    58 |    36 ||    94
